 Dungeon Crawl Stone Soup version 0.02-213-g07563d0 (webtiles) character file.

Game seed: 14991177558377674077, levelgen mode: deterministic

1680 Kalegnar the Thaumaturge (level 8, 0/5 HPs) Fairy Air Elementalist. Began on Nov 22, 2020. Was a Follower of Qazlal. Slain by a phantom (1 damage) ... on level 3 of the Dungeon. The game lasted 00:16:17 (2721 turns).

Kalegnar the Thaumaturge (Fairy Air Elementalist)   Turns: 2721, Time: 00:16:17

Health: 0/5        AC:  0    Str:  2    XL:     8 ^: 398
Magic:  2/4        EV: 28    Int: 21    God:    Qazlal [1* [33]]
Gold:   242        SH:  1    Dex: 17    Spells: 13/23 levels left

rFire    . . .     Vision   .   f - ring of wizardry
rCold    . . .     Gourm    .
rNeg     . . .     Faith    .
rPois    .         Spirit   .
rElec    .         Reflect  .
rCorr    .         Harm     .
MR       +....
Stlth    +.........
HPRegen  0.11/turn
MPRegen  0.14/turn

@: flying, slowed, glowing, very slow
A: tiny, no armour or weapons, only one jewelry slot, no melee attacks, fairy
magic, fairy shield, fairy light, decreased potion and divine healing, slowness
1, able to fly, insubstantial
a: Stop Flying, Renounce Religion


You were on level 3 of the Dungeon.
You worshipped Qazlal.
Qazlal was aware of your devotion.
You were not hungry.

You visited 1 branch of the dungeon, and saw 3 of its levels.

You collected 242 gold pieces.

Inventory:

Jewellery
 a - a cursed ring of intelligence {(Curse: *Corrode)}
 f - a ring of wizardry (around core)
 i - an uncursed ring of poison resistance
 j - an uncursed ring of ice
Wands
 g - a wand of iceblast (2)
Scrolls
 d - a scroll of immolation
 e - 2 scrolls of enchantment
 k - 4 scrolls of teleportation
 m - 3 scrolls of bless item
 p - 4 scrolls of torment
 q - a scroll of magic mapping
 s - a scroll of acquirement
 t - a scroll of amnesia
Potions
 c - a potion of lignification
 h - a potion of invisibility
 l - 4 potions of curing
 n - 2 potions of might
 o - 2 potions of heal wounds
Comestibles
 b - 8 rations


   Skills:
 - Level 5.0 Dodging
 - Level 1.4 Stealth
 + Level 8.1 Spellcasting
 + Level 7.7 Air Magic
 + Level 3.2 Invocations


You had 13 spell levels left.
You knew the following spells:

 Your Spells              Type           Power        Failure   Level  Hunger
a - Shock                 Air            25 (25)      1%          1    None
b - Swiftness             Chrm/Air       24 (100)     1%          2    None
c - Static Discharge      Air            41 (100)     1%          3    None
d - Airstrike             Air            41 (200)     1%          4    ###....

Your spell library contained the following spells:

 Spells                   Type           Power        Failure   Level  Hunger
 Confusing Touch          Hex            8 (50)       3%          1    None
 Flame Tongue             Fire           8 (30)       3%          1    None
 Magic Candle             Hex/Fire       8 (90)       3%          1    None
 Summon Small Mammal      Summ           8 (25)       3%          1    None
 Lightning Bolt           Air            41 (200)     3%          5    #####..


Dungeon Overview and Level Annotations

Branches:
Dungeon (3/8)

Altars:
Cheibriados
Nemelex Xobeh
Qazlal
Ru
The Shining One


Innate Abilities, Weirdness & Mutations

You are too small to use any gear.
You can wear a single ring or amulet completely around your body.
You are incapable of melee of any kind.
Your magic reserves are extremely low but spells that normally cost one mana are free and all other spells cost one mana.
You are extremely frail but all attacks that strike you do exactly one damage.
You exude a bright light in a small radius around yourself.
The effect of potions and godly healing effects is reduced to match your tiny health and magic reserves.
You cover ground slowly.
You can fly continuously.
Your insubstantial form boosts your evasion and grants immunity to sticky flames, nets and constriction.


Message History

The wraith hits you (2). The wraith hits you (11)!
The wraith drains your vigour!
You feel as though you will be slow longer.
The phantom is engulfed in freezing vapours.
The phantom hits you (4).
* * * LOW HITPOINT WARNING * * *
The wraith completely misses you (0). The wraith misses you (0).
The phantom hits you (7)!
* * * LOW HITPOINT WARNING * * *
The phantom blinks!
Casting: Static Discharge (safe; 1% risk of failure)
Confirm with . or Enter, or press ? or * to list all spells.
The wraith is struck by an arc of lightning (5).
The wraith is heavily damaged. (16/31) HP The phantom is struck by an arc of lightning (4).
The phantom is lightly damaged. (30/35) HP The wraith is struck by an arc of lightning (5).
The wraith is severely damaged. (11/31) HP The lightning grounds out.
The phantom hits you (1).
You die...

####..##................
#.....................#.
#......................#
###....................#
##.....................
#.......####...........
#.......# ##.........≈
##....W.## ###.......≈
#.....W@# ####...#≈
##.....W### ### #####≈
#......W°W###.### #≈
####....#Z......### ##
##..##Z''##....### #
####8§..8##.....## #
###8..!..8##.....## #
###8...§$..8##.....# #
###8.^..⌠....8##...##


You could see 2 phantoms and 2 wraiths.

Vanquished Creatures
  Sigmund (D:2)
  Menkaure (D:3)
  Duvessa (D:2)
  A water moccasin (D:2)
  A porcupine (D:3)
  Ijyb (D:2)
  A crocodile (D:2)
  2 big kobolds (D:2)
  Dowan (D:2)
  A howler monkey (D:3)
  4 jellies (D:2)
  A gnoll shaman (D:2)
  An iguana (D:3)
  2 worker ants (D:3)
  A water moccasin skeleton (D:3)
  5 giant cockroaches
  A bullfrog skeleton (D:3)
  9 adders
  5 gnolls (D:2)
  15 sewer rats (D:2)
  6 cinder newts
  2 worms (D:3)
  3 oozes
  A worker ant simulacrum (D:3)
  2 dart slugs
  3 leopard geckos
  6 bats
  A cinder newt skeleton (D:2)
  4 goblins (D:1)
  A hobgoblin (D:1)
  15 kobolds
  A quokka (D:3)
  4 ball pythons
  A leopard gecko skeleton (D:3)
  4 rats (D:1)
  A rat skeleton (D:2)
110 creatures vanquished.

Vanquished Creatures (others)
  An adder skeleton (D:3)
  49 withered plants (D:2)
50 creatures vanquished.

Grand Total: 160 creatures vanquished

Notes
Turn   | Place    | Note
-------+----------+-------------------------------------------
     0 | D:1      | Kalegnar the Fairy Air Elementalist began the quest for the
                  | Orb.
     0 | D:1      | Reached XP level 1. HP: 3/3 MP: 3/3
    33 | D:1      | Reached XP level 2. HP: 3/3 MP: 3/3
    75 | D:1      | Reached skill level 3 in Spellcasting
    83 | D:1      | Learned a level 2 spell: Swiftness
   167 | D:1      | Reached XP level 3. HP: 4/4 MP: 3/3
   181 | D:1      | Learned a level 3 spell: Static Discharge
   628 | D:2      | Noticed Sigmund
   654 | D:2      | Killed Sigmund
   654 | D:2      | Reached skill level 5 in Dodging
   654 | D:2      | Reached skill level 4 in Spellcasting
   654 | D:2      | Reached XP level 4. HP: 3/4 MP: 3/3
   654 | D:2      | Reached XP level 5. HP: 3/4 MP: 3/3
   664 | D:2      | Learned a level 4 spell: Airstrike
   690 | D:2      | Reached XP level 6. HP: 5/5 MP: 2/3
   703 | D:2      | Reached skill level 5 in Spellcasting
   703 | D:2      | Reached skill level 5 in Air Magic
   920 | D:2      | Reached XP level 7. HP: 5/5 MP: 3/3
   930 | D:2      | Reached skill level 6 in Spellcasting
   992 | D:2      | Noticed Ijyb
  1005 | D:2      | Killed Ijyb
  1006 | D:2      | Noticed Duvessa
  1006 | D:2      | Noticed Dowan
  1026 | D:2      | Killed Duvessa
  1026 | D:2      | Reached skill level 7 in Spellcasting
  1029 | D:2      | Killed Dowan
  1029 | D:2      | Reached XP level 8. HP: 3/5 MP: 2/3
  1066 | D:2      | Found a stormy altar of Qazlal.
  1071 | D:2      | Became a worshipper of Qazlal Stormbringer
  1524 | D:2      | Found a glowing golden altar of the Shining One.
  1763 | D:2      | Reached skill level 1 in Invocations
  2084 | D:3      | Noticed Menkaure
  2089 | D:3      | Killed Menkaure
  2103 | D:3      | Identified a scroll of acquirement
  2151 | D:3      | Found a runed translucent gate.
  2151 | D:3      | Found a runed translucent gate.
  2152 | D:3      | Found a runed translucent gate.
  2219 | D:3      | Found a snail-covered altar of Cheibriados.
  2251 | D:3      | Reached * piety under Qazlal
  2320 | D:3      | Reached skill level 8 in Spellcasting
  2374 | D:3      | Found a sparkling altar of Nemelex Xobeh.
  2488 | D:3      | Found a sacrificial altar of Ru.
  2721 | D:3      | Slain by a phantom

Levels and vault maps discovered:
D:1:      scummos_arrival_gate, layout_loops_ring,
          hangedman_decor_clover_reticule
D:2:      layout_sewer, lemuel_doored_altar, sewer_minmay_treatment,
          nicolae_tso_swordbearing_angel, uniq_duvessa, uniq_ijyb, uniq_sigmund
D:3:      miniossuary_kennysheep_ghosthouse, layout_cave_pods,
          old_standard_altar, kennysheep_mini_moat, nicolae_ru_path_of_blood,
          first_ration, uniq_menkaure

Skill      XL: |  1  2  3  4  5  6  7  8 |
---------------+-------------------------+-----
Dodging        | 3 5 |  5.0
Spellcasting   | 3 4 5 7 8 |  8.1
Air Magic      | 4 5 6 7 |  7.7
Invocations    | 3 |  3.2
Stealth        | |  1.4

Action                   |  1- 3 |  4- 6 |  7- 9 || total
-------------------------+-------+-------+-------++-------
 Cast: Shock             |    62 |    40 |   162 ||   264
       Static Discharge  |       |     1 |     5 ||     6
       Airstrike         |       |       |     4 ||     4
 Abil: Fly               |     1 |       |       ||     1
  Eat: Chunk             |       |       |     7 ||     7
Dodge: Dodged            |    21 |    17 |    57 ||    95
